 Dungeon Sprint DCSS version 0.18-a0-1560-ge216ca8 (webtiles) character file.

11 pipel the Magician (level 2, -4/15 HPs)
             Began as a Deep Elf Wanderer on Mar 12, 2016.
             Was an Initiate of Sif Muna.
             Slain by an orc
             ... wielding a cursed -3 flail
              (11 damage)
             ... in the Dungeon (Sprint VII: "The Pits").
             The game lasted 00:03:24 (176 turns).

pipel the Magician (Deep Elf Wanderer)               Turns: 176, Time: 00:03:24

Health: -4/15      AC:  2    Str:  9    XL:     2   Next: 17%
Magic:  0/10       EV: 11    Int: 15    God:    Sif Muna [......]
Gold:   0          SH:  0    Dex: 15    Spells: 3 memorised, 6 levels left

rFire  . . .     SeeInvis .     b - staff of energy
rCold  . . .     Gourm    .     c - +0 robe
rNeg   . . .     Faith    .     (no shield)
rPois  .         Spirit   .     (no helmet)
rElec  .         Dismiss  .     (no cloak)
rCorr  .         Reflect  .     (no gloves)
SustAt .         Harm     .     (no boots)
MR     .....     NoTele   +     (no amulet)
Stlth  +.........               (no ring)
                                (no ring)

@: very slightly contaminated, repel missiles, not resistant to hostile
enchantments, very unstealthy
A: no striking features
a: Renounce Religion


You were in the Dungeon.
You worshipped Sif Muna.
Sif Muna was noncommittal.
You were not hungry.

You visited 1 branch

Inventory:

Hand Weapons
 a - a +2 trident
 d - a +0 dagger
 l - a +2 quarterstaff
Missiles
 p - 10 stones (quivered)
Armour
 c - a +0 robe (worn)
Magical Staves
 b - an uncursed staff of energy (weapon)
Scrolls
 j - a scroll of blinking
 r - 2 scrolls of remove curse
 s - 5 scrolls of amnesia
 t - a scroll of summoning
 u - 2 scrolls of vulnerability
Potions
 g - a potion of haste
 h - 4 potions of magic
 i - 3 potions of berserk rage
 o - 2 potions of invisibility
 q - 2 potions of curing
Books
 k - a book of Minor Magic

   Spells                             Type                      Level
   a - Magic Dart                     Conjuration                  1
   b - Blink                          Translocation                2
   c - Call Imp                       Summoning                    2
   d - Repel Missiles                 Charms/Air                   2
   e - Slow                           Hexes                        2
   f - Conjure Flame                  Conjuration/Fire             3
   g - Mephitic Cloud                 Conjuration/Poison/Air       3
Comestibles
 f - 8 bread rations
 m - 40 fruits
 n - 7 meat rations


   Skills:
 + Level 0.1 Fighting
   Level 1.5 Axes
 - Level 1.4 Throwing
 - Level 1.3 Armour
 - Level 0.2 Dodging
   Level 1.0 Shields
 + Level 5.4 Spellcasting
 * Level 1.9 Conjurations
   Level 4.0 Hexes


You had 6 spell levels left.
You knew the following spells:

 Your Spells              Type           Power        Failure   Level  Hunger
a - Magic Dart            Conj           #...         10%         1    None
b - Blink                 Tloc           N/A          28%         2    None
c - Repel Missiles        Chrm/Air       #.....       28%         2    None


Dungeon Overview and Level Annotations

Branches:
Dungeon (1/1)

Altars:
Ashenzari
Cheibriados
Dithmenos
Elyvilon
Fedhas
Gozag
Kikubaaqudgha
Makhleb
Nemelex Xobeh
Okawaru
Pakellas
Qazlal
Ru
Sif Muna
Trog
Vehumet
Xom
Yredelemnul
Zin
The Shining One
Beogh
Jiyva
Lugonu


Message History

The magic dart hits the orc.
The orc is heavily wounded.
You now have 3/10 mp.
Casting: Magic Dart
Confirm with . or Enter, or press ? or * to list all spells.
You miscast Blink.
Strange energies run through your body. The orc closely misses you.
You now have 1/10 mp.
There is an oddly glowing altar of Pakellas here.
There is a stormy altar of Qazlal here.
There is an opulent altar of Gozag here.
Casting: Blink
Confirm with . or Enter, or press ? or * to list all spells.
You blink.
You now have 0/10 mp.
Unknown command.
There is a roughly hewn altar of Beogh here.
The orc hits you with a flail!
Ouch! That really hurt!
You die...

############
#__@_______#
#_o________#
#_#####'############
#_#).)'.'..##.......
#_#).)#o#..##......#
#######'#####.......
#.........o†'.......
#+#####'#####......#
#(.# #.......


You could see an orc.

Vanquished Creatures
  An adder (D)
  A kobold (D)
  A quokka (D)
3 creatures vanquished.

Notes
Turn   | Place    | Note
--------------------------------------------------------------
     0 | D        | pipel the Deep Elf Wanderer began the quest for the Orb.
     0 | D        | pipel set off with: a book of Minor Magic, 2 potions of curing, a +0 robe, a +0 dagger, a potion of heal wounds, a bread ration, a potion of haste, 2 potions of magic, a potion of berserk rage, a scroll of blinking
     0 | D        | Reached XP level 1. HP: 10/10 MP: 6/6
     2 | D        | Learned a level 1 spell: Magic Dart
    32 | D        | Found a sacrificial altar of Ru.
    32 | D        | Found a basalt altar of Yredelemnul.
    32 | D        | Found a glowing golden altar of the Shining One.
    32 | D        | Found a deep blue altar of Sif Muna.
    32 | D        | Found a burning altar of Makhleb.
    32 | D        | Found an ancient bone altar of Kikubaaqudgha.
    32 | D        | Found a glowing silver altar of Zin.
    33 | D        | Found a shadowy altar of Dithmenos.
    33 | D        | Found a bloodstained altar of Trog.
    33 | D        | Found a shattered altar of Ashenzari.
    33 | D        | Found a white marble altar of Elyvilon.
    33 | D        | Found a snail-covered altar of Cheibriados.
    33 | D        | Found a blossoming altar of Fedhas.
    33 | D        | Found a radiant altar of Vehumet.
    33 | D        | Found a shimmering altar of Xom.
    33 | D        | Found a sparkling altar of Nemelex Xobeh.
    33 | D        | Found a corrupted altar of Lugonu.
    33 | D        | Found a viscous altar of Jiyva.
    33 | D        | Found a roughly hewn altar of Beogh.
    33 | D        | Found an iron altar of Okawaru.
    34 | D        | Found an oddly glowing altar of Pakellas.
    36 | D        | Became a worshipper of Sif Muna the Loreminder
    70 | D        | Reached skill level 5 in Spellcasting
    70 | D        | Reached skill level 1 in Conjurations
    70 | D        | Reached XP level 2. HP: 13/15 MP: 0/10
   109 | D        | Learned a level 2 spell: Blink
   112 | D        | Learned a level 2 spell: Repel Missiles
   167 | D        | Found a stormy altar of Qazlal.
   167 | D        | Found an opulent altar of Gozag.
   176 | D        | Slain by an orc

Vault maps used:
D:        pitsprint

Skill      XL: |  1 |
---------------+----+-----
Spellcasting   | 5 |  5.4
Conjurations   | 1 |  1.9
Fighting       | |  0.1
Axes           | |  1.5
Throwing       | |  1.4
Armour         | |  1.3
Dodging        | |  0.2
Shields        | |  1.0
Hexes          | |  4.0

Action                   || total
-------------------------++-------
 Cast: Magic Dart        ||    16
       Blink             ||     2
       Repel Missiles    ||     1
Evoke: Staff of energy   ||     4
  Use: Scroll            ||     1
       Potion            ||     1
